AoeStats
← [PSCH] R!ce

MegaRandom

507741556Analyzed
2v2 RM · 13d ago on Sep 19, 2026· 40m 40s· 4 players
Game mode
Random Map
Map size
Medium (4 player)
Population
200
Speed
Normal
Resources
Standard
Victory
Conquest
Starting age
Dark Age
Ending age
Imperial Age
RankedLock teamsTeams togetherTeam positionsShared explorationLock speedFull tech treeHidden civsTurbo modeCheats
Victory
Defeat
🇪🇸 Spanish · Spain
1387
+21
🇨🇭 Huns · Switzerland
1261
+26
🇨🇭 Mongols · Switzerland
1505
-24
🇨🇭 Portuguese · Switzerland
1483
-23
KinomtheKaiser
10:31 Feudal Age
11:10 Loom
14:34 Castle Age
12:52 Double-Bit Axe
14:16 Horse Collar
15:52 Bow Saw
17:17 Heavy Plow
22:13 Padded Archer Armor
27:27 Leather Archer Armor
29:30 Wheelbarrow
28:58 Town Watch
29:22 Fletching
33:17 Imperial Age
32:11 Hand Cart
34:41 Fletching
35:22 Ring Archer Armor
34:51 Gold Mining
35:27 Scale Mail Armor
35:23 Bodkin Arrow
34:53 Pikeman
37:07 Forging
37:07 Squires
37:57 Cavalier
38:33 Arson
39:21 Conscription
38:50 Gambesons
38:25 Man-at-Arms
39:16 Halberdier
39:25 Man-at-Arms
39:31 Man-at-Arms
41:13 Iron Casting
40:28 Long Swordsman
fear the lamb
10:07 Feudal Age
12:29 Double-Bit Axe
15:02 Castle Age
14:13 Gold Mining
14:29 Fletching
16:09 Bow Saw
19:01 Loom
22:28 Horse Collar
24:07 Bodkin Arrow
27:08 Padded Archer Armor
28:05 Heavy Plow
27:54 Elite Skirmisher
28:52 Leather Archer Armor
31:01 Wheelbarrow
32:39 Husbandry
32:49 Bloodlines
36:01 Imperial Age
34:04 Ballistics
33:58 Marauders
36:06 Scale Barding Armor
36:12 Forging
37:21 Gold Shaft Mining
37:10 Bracer
40:16 Chemistry
40:10 Chain Barding Armor
40:22 Conscription
[PSCH] wolverito
11:37 Feudal Age
13:50 Double-Bit Axe
16:09 Castle Age
14:06 Horse Collar
17:49 Bloodlines
17:57 Scale Barding Armor
17:39 Loom
19:39 Light Cavalry
23:18 Chain Barding Armor
25:25 Forging
30:29 Fletching
31:47 Bow Saw
36:17 Imperial Age
36:23 Iron Casting
36:54 Wheelbarrow
38:17 Blast Furnace
38:59 Hussar
[PSCH] R!ce
11:16 Feudal Age
15:05 Castle Age
17:00 Double-Bit Axe
17:10 Loom
18:03 Bow Saw
18:04 Crossbowman
19:09 Fletching
20:47 Bodkin Arrow
25:58 Ballistics
27:09 Padded Archer Armor
29:44 Leather Archer Armor
35:19 Imperial Age
33:36 Thumb Ring
35:23 Arbalester
38:02 Chemistry
37:03 Bracer
39:21 Bloodlines
38:31 Light Cavalry
40:11 Scale Barding Armor
Connection lost

Rejoining the realm…

Still unreachable

The connection could not be restored.

Session expired

The server has moved on; the page needs a fresh start.